 Dungeon Crawl Stone Soup version 0.16.2 (webtiles) character file.

7 RepoMan the Grasshopper (level 2, -1/23 (24) HPs)
             Began as a Ghoul Warper on Aug 12, 2015.
             Slain by a hobgoblin
             ... wielding a +0 club
              (4 damage)
             ... on level 2 of the Dungeon.
             The game lasted 00:03:30 (222 turns).

RepoMan the Grasshopper (Ghoul Warper)               Turns: 222, Time: 00:03:31

HP:   -1/23 (24)    AC:  3    Str: 14    XL:     2   Next: 0%
MP:   3/3           EV: 11    Int:  8    God:
Gold: 0             SH:  0    Dex:  8    Spells: 2 memorised, 1 level left

rFire  . . .     SeeInvis .     a - +0 hand axe
rCold  + . .     Clarity  .     b - +0 leather armour
rNeg   + + +     SustAb   .     (no shield)
rPois  ∞         Gourm    .     (no helmet)
rElec  .         Spirit   .     (no cloak)
rCorr  .         Warding  .     (no gloves)
rMut   .         Stasis   .     (no boots)
MR     .....                    (no amulet)
Stlth  +.........               (no ring)
                                (no ring)

@: very slightly contaminated, rotting, not resistant to hostile enchantments,
very unstealthy
A: rotting body, claws 1, carnivore 3, cold resistance 1, negative energy
resistance 3, poison resistance, slow healing 1, torment resistance, unbreathing
a: no special abilities


You were on level 2 of the Dungeon.
You were not hungry.

You visited 1 branch of the dungeon, and saw 2 of its levels.

Inventory:

Hand weapons
 a - a +0 hand axe (weapon)
Armour
 b - a +0 leather armour (worn)
Books
 c - a book of Spatial Translocations

   Spells                             Type                      Level
   a - Apportation                    Translocation                1
   b - Blink                          Translocation                2
   c - Shroud of Golubria             Charms/Translocation         2
   d - Portal Projectile              Translocation                3
   e - Teleport Other                 Translocation                3
   f - Passage of Golubria            Translocation                4
Comestibles
 f - a chunk of flesh
 g - a meat ration


   Skills:
 - Level 2.1 Fighting
 + Level 2.0 Axes
 - Level 0.8 Throwing
 + Level 1.1 Armour
 - Level 1.7 Dodging
 + Level 1.9 Spellcasting
 * Level 2.8 Translocations


You had one spell level left.
You knew the following spells:

 Your Spells              Type           Power        Failure   Level  Hunger
a - Apportation           Tloc           #.........   17%         1    ##.....
b - Blink                 Tloc           N/A          24%         2    ###....


Dungeon Overview and Level Annotations

Branches:
Dungeon (2/15)

Altars:


Innate Abilities, Weirdness & Mutations

Your body is rotting away.
You thrive on raw meat.
You have sharp fingernails.
You are carnivorous and can eat meat at any time.
Your flesh is cold resistant.
You are immune to negative energy.
Your system is resistant to poisons.
You heal slowly when monsters are visible.
You are immune to unholy pain and torment.
You can survive without breathing.


Message History

Press: ? - help, Shift-Dir - straight line, f/p - kobold
Aim: a kobold, wielding a short sword You throw a tomahawk of dispersal.
The tomahawk of dispersal hits the kobold but does no damage.
A nearby toadstool withers and dies.
There is an escape hatch in the floor here.
The kobold hits you but does no damage.
You slide downwards.
The hatch slams shut behind you.
A hobgoblin and a kobold come into view.
The hobgoblin shouts!
The kobold shouts!
Found 9 sling bullets and 12 gold pieces.
You see here 12 gold pieces.
You aren't carrying any potions.
Read which item? (? for menu, Esc to quit)
As you read the scroll labeled JETOIZ INEISH, it crumbles to dust.
You hear a loud clanging noise!
It was a scroll of noise.
You hear a shout!
You hear a bark!
You hear a bark!
You hear a shout!
The hobgoblin hits you with a club.
You die...

....K......
..........#
..........
.........
#........#
#........#
#........#
#g....(..#
#@.......#
#####....#
.##+ .


You could see a hobgoblin and a kobold.

Vanquished Creatures
  A giant cockroach (D:1)
  3 jackals (D:1)
  A bat (D:1)
  A giant newt (D:1)
  A rat (D:1)
7 creatures vanquished.

Vanquished Creatures (others)
  5 toadstools (D:1)
5 creatures vanquished.

Grand Total: 12 creatures vanquished

Notes
Turn   | Place    | Note
--------------------------------------------------------------
     0 | D:1      | RepoMan, the Ghoul Warper, began the quest for the Orb.
     0 | D:1      | Reached XP level 1. HP: 17/17 MP: 2/2
    16 | D:1      | Reached skill level 1 in Armour
   137 | D:1      | Reached XP level 2. HP: 21/24 MP: 3/3
   141 | D:1      | Learned a level 2 spell: Blink
   222 | D:2      | Slain by a hobgoblin

Action                   || total
-------------------------++-------
Melee: Hand axe          ||    39
Throw: Tomahawk          ||     5
 Cast: Blink             ||     1
  Use: Scroll            ||     2
  Eat: Chunk             ||     2
